cohdb
Replays
Latest Replays
All Replays
Popular Replays
Top Player Replays
Match Explorer
How It Works
Community
CoH3 Stats
Reddit
Sign in to upload your games and track your stats! →
Sign in with Steam
Match 46698580
Unlisted
Match 46698580
Overview
Messages
Build Orders
End
Construct Infanterie Kompanie
MG 42 Machine Gun Team
Grenadier Squad
Grenadier Squad
GrW 34 Mortar Team
Construct Panzergrenadier Kompanie
251 Medium Carrier
Pak 40 Anti-tank Gun Team
Selects Mechanized Battlegroup
Selects Mobile Repair Stations
Selects Raid Package
Construct Luftwaffe Kompanie
221 Scout Car
MG 42 Machine Gun Team
Construct Panzer Kompanie
Pioneer Squad
AI Takeover
Anhangá
Mr.Faraam
HuntingEVER
6block
Nikname2303
Позорньій Мьіш
0
0
Comments
sign in to comment!
No comments posted yet!